Map: Neon Violet Square LE

Players

Iceman - Winner!

  • Race: Zerg Zerg
  • League: Diamond
  • Spawn Location: 11:00

Anihilo

  • Race: Protoss Protoss
  • League: Diamond
  • Spawn Location: 5:00

VOD

Have the link to the VOD?

Description

Time

  • Played on: Dec. 18, 2017, 10:13 a.m.
  • Length: 10:11
Show
View Real Time Build Order
Export as new Build Order

Iceman Zerg - Winner!

Build Orders: Hatch First 

Get SALT Encoding   

  12  0:02  Drone  
  13  0:13  Overlord  
  13  0:18  Drone  
  14  0:36  Drone x3  
  17  0:55  Hatchery  
  16  0:58  Drone  
  16  1:01  Drone  
  18  1:12  Extractor  
  18  1:18  Spawning Pool  
  16  1:20  Drone  
  16  1:23  Drone  
  18  1:30  Drone  
  19  1:44  Overlord  
  19  1:57  Hatchery  
  18  2:05  Zergling x4  
  18  2:07  Drone  
  21  2:12  Drone  
  22  2:22  Drone  
  23  2:24  Drone  
  24  2:31  Drone  
  24  2:34  Drone  
  26  2:39  Queen  
  26  2:42  Drone  
  29  2:47  Metabolic Boost  
  29  2:48  Drone  
  30  2:53  Drone  
  30  2:56  Drone  
  32  3:00  Overlord  
  32  3:07  Drone  
  32  3:08  Drone  
  32  3:12  Drone  
  35  3:23  Drone x3  
  35  3:25  Roach Warren  
  37  3:28  Drone  
  37  3:31  Drone  
  37  3:32  Extractor  
  38  3:35  Drone  
  38  3:40  Drone  
  40  3:45  Drone  
  41  3:48  Drone  
  41  3:52  Hatchery  
  41  3:58  Spine Crawler  
  41  4:00  Drone  
  41  4:01  Drone x2  
  42  4:07  Overlord  
  42  4:10  Lair  
  42  4:12  Drone x2  
  44  4:19  Overlord  
  44  4:20  Extractor  
  43  4:25  Roach x2  
  43  4:26  Roach  
  43  4:30  Roach  
  51  4:36  Overlord  
  51  4:44  Roach x4  
  59  4:47  Overlord  
  59  4:55  Roach  
  59  4:58  Drone  
  62  5:01  Extractor  
  61  5:09  Drone x4, Extractor, Spire  
  61  5:11  Extractor  
  62  5:28  Roach x4  
  66  5:29  Roach x2  
  64  5:38  Roach x5  
  64  5:41  Roach  
  72  5:44  Roach  
  72  5:48  Roach  
  74  5:53  Roach  
  74  5:54  Roach  
  77  6:01  Roach  
  77  6:03  Spine Crawler  
  77  6:04  Spine Crawler  
  77  6:07  Roach x2  
  72  6:19  Roach x2  
  72  6:20  Roach  
  74  6:31  Roach x4  
  74  6:36  Roach  
  66  6:41  Roach x2  
  62  6:54  Roach x5  
  62  6:56  Roach  
  62  6:58  Ravager  
  73  7:03  Drone x2  
  73  7:06  Drone, Zerg Flyer Weapons Level 1  
  76  7:16  Drone x2  
  76  7:19  Ravager  
  75  7:23  Ravager  
  75  7:24  Roach  
  75  7:25  Roach  
  75  7:28  Drone x2  
  82  7:31  Overlord x2  
  82  7:33  Overlord  
  82  7:38  Overlord  
  82  7:44  Overlord  
  82  7:50  Overseer, Spore Crawler  
  81  7:52  Mutalisk x2  
  81  7:55  Mutalisk  
  81  7:58  Roach  
  89  7:59  Drone x3  
  89  8:00  Drone  
  93  8:09  Mutalisk  
  93  8:11  Mutalisk  
  97  8:19  Drone x5, Evolution Chamber  
  101  8:22  Drone  
  101  8:26  Spore Crawler  
  101  8:27  Zergling x2  
  101  8:31  Spore Crawler  
  101  8:33  Mutalisk  
  103  8:36  Mutalisk  
  105  8:49  Mutalisk x3  
  105  8:51  Mutalisk  
  113  8:56  Mutalisk  
  113  9:02  Drone x4  
  119  9:03  Drone  
  120  9:10  Mutalisk  
  120  9:12  Overlord x2  
  122  9:26  Overlord  
  122  9:27  Overlord  
  122  9:35  Roach x6  
  134  9:42  Roach x2  
Show
View Real Time Build Order
Export as new Build Order

Anihilo Protoss 

Build Orders:  

Get SALT Encoding   

  12  0:01  Probe  
  13  0:13  Probe  
  14  0:21  Pylon  
  14  0:25  Probe  
  15  0:39  Probe (Chrono Boost)  
  16  0:49  Probe (Chrono Boost)  
  17  0:53  Probe  
  18  1:06  Probe  
  19  1:12  Nexus  
  19  1:19  Gateway  
  19  1:28  Assimilator  
  19  1:32  Probe  
  20  1:39  Forge  
  20  1:44  Probe  
  21  2:05  Pylon  
  21  2:10  Cybernetics Core  
  21  2:14  Probe, Photon Cannon  
  22  2:16  Assimilator  
  22  2:26  Pylon  
  22  2:28  Probe  
  22  2:29  Probe  
  24  2:46  Warp Gate (Chrono Boost)  
  24  2:48  Photon Cannon  
  24  2:53  Photon Cannon  
  24  3:01  Photon Cannon  
  24  3:17  Probe x2, Gateway  
  26  3:28  Pylon  
  26  3:29  Probe (Chrono Boost)  
  26  3:30  Probe (Chrono Boost)  
  28  3:41  Probe (Chrono Boost)  
  30  3:42  Probe (Chrono Boost)  
  32  3:49  Probe x2 (Chrono Boost)  
  32  3:51  Gateway  
  32  3:57  Gateway  
  32  4:05  Gateway  
  32  4:13  Gateway  
  32  4:17  Gateway  
  32  4:20  Probe  
  32  4:22  Probe  
  34  4:32  Probe  
  34  4:33  Sentry x2  
  34  4:34  Probe  
  40  4:41  Pylon  
  40  4:45  Probe  
  40  4:46  Probe  
  40  4:48  Sentry  
  44  4:55  Zealot  
  44  4:56  Zealot  
  44  4:57  Zealot  
  50  5:09  Pylon  
  50  5:11  Zealot x3  
  56  5:14  Sentry  
  56  5:17  Shield Battery  
  58  5:26  Zealot  
  58  5:27  Zealot x2  
  54  5:39  Stalker x3  
  56  5:47  Stalker x2  
  60  5:54  Stalker  
  58  6:02  Sentry x4  
  62  6:17  Stalker x2  
  62  6:25  Stalker  
  54  6:35  Assimilator  
  54  6:36  Assimilator  
  54  6:37  Zealot x4  
  56  6:43  Stalker x2  
  50  6:59  Zealot x3  
  50  7:00  Zealot x2  
  57  7:03  Probe x2  
  59  7:09  Sentry  
  59  7:10  Zealot  
  59  7:15  Probe  
  58  7:23  Probe  
  58  7:27  Probe  
  56  7:36  Nexus  
  56  7:37  Pylon  
  56  7:43  Pylon  
  56  7:48  Stargate  
  56  7:49  Stargate  
  56  7:51  Probe (Chrono Boost)  
  56  7:56  Probe (Chrono Boost)  
  58  8:04  Probe (Chrono Boost)  
  60  8:06  Assimilator  
  60  8:08  Probe x2 (Chrono Boost)  
  60  8:09  Assimilator  
  60  8:10  Probe (Chrono Boost), Pylon  
  62  8:19  Probe (Chrono Boost)  
  64  8:22  Probe (Chrono Boost)  
  64  8:24  Protoss Air Weapons Level 1 (Chrono Boost)  
  64  8:45  Oracle x2 (Chrono Boost)  
  64  8:48  Probe x2  
  72  8:55  Photon Cannon  
  72  9:11  Pylon  
  78  9:25  Pylon  
Tags
 
Add a new tag
Caveats
  • Supply blocks, unpowered buildings, or Contaminate may cause inaccurate times.
  • Supply counts are checked every 10 seconds.